 Dungeon Crawl Stone Soup version 0.31-a0-986-g5e6e4ef867 (webtiles) character file.

Game seed: 16646651650643400584

431 Whiskey the Changeling (level 7, -1/48 HPs)
             Began as an Octopode Shapeshifter on Nov 12, 2023.
             Slain by a scorpion (8 damage)
             ... on level 5 of the Dungeon.
             The game lasted 00:05:36 (2993 turns).

Whiskey the Changeling (Octopode Shapeshifter)      Turns: 2993, Time: 00:05:37

Health: -1/48      AC:  1    Str: 16    XL:     7   Next: 0%
Magic:  7/7        EV: 13    Int: 12    God:
Gold:   183        SH:  0    Dex: 11    Spells: 6/6 levels left

rFire   . . .        t - +2 short sword (drain)
rCold   . . .        (no shield)
rNeg    . . .        (helmet currently unavailable)
rPois   .            (no amulet)
rElec   .            (no ring)
rCorr   .            (no ring)
SInv    .            (no ring)
Will    .....        (no ring)
Stlth   ++           (no ring)
HPRegen 0.28/turn    (no ring)
MPRegen 0.10/turn    (no ring)
                     (no ring)

%: no passive effects
@: lethally poisoned (-1 -> -21), beast-form
A: beast (slay +3), almost no armour, amphibious, 8 rings, camouflage 1,
gelatinous body 1, (nimble swimmer 1), tentacles
a: Begin Untransformation


You were on level 5 of the Dungeon.
You were a hulking beast.
You visited 1 branch of the dungeon, and saw 5 of its levels.

You collected 183 gold pieces.

Inventory:

Hand Weapons
 q - a +2 war axe of freezing
   (You found it on level 2 of the Dungeon)
 t - a +2 short sword of draining (weapon)
   (You took it off a kobold on level 3 of the Dungeon)
 y - a +0 dagger of electrocution
   (You took it off an orc on level 4 of the Dungeon)
 B - a +2 heavy broad axe
   (You took it off Blork the orc on level 4 of the Dungeon)
Missiles
 u - 13 poisoned darts (quivered)
Armour
 o - the orb of Fete Esch {*Rage, Int+2 Stlth+}
   (You took it off a hobgoblin on level 2 of the Dungeon)

   Int+2:     It affects your intelligence (+2).
   Stlth+:    It makes you more stealthy.
Talismans
 b - a beast talisman
 c - a flux talisman
Wands
 z - a wand of light (7)
   (You found it on level 4 of the Dungeon)
Scrolls
 e - 2 scrolls of enchant weapon {unknown}
 g - 2 scrolls of fog {unknown}
 j - 4 scrolls of identify {unknown}
 l - a scroll of fear {unknown}
 r - a scroll of revelation {unknown}
 w - a scroll of vulnerability {unknown}
 x - a scroll of teleportation {unknown}
 C - a scroll of blinking {unknown}
Potions
 a - a potion of lignification {!q}
 d - 2 potions of brilliance {unknown}
 f - 2 potions of curing {unknown}
 h - a potion of mutation {unknown}
 i - 3 potions of heal wounds
 k - a potion of ambrosia {unknown}
 m - a potion of might {unknown}
 n - a potion of magic {unknown}
 p - a potion of haste {unknown}
 s - a potion of berserk rage {unknown}
 v - a potion of cancellation {unknown}
 A - a potion of enlightenment {unknown}


   Skills:
 + Level 4.0 Fighting
 - Level 2.0 Dodging
 - Level 3.0 Unarmed Combat
 * Level 6.0 Shapeshifting


You had 6 spell levels left.
You didn't know any spells.
Your spell library contained the following spells:

 Spells                   Type           Power      Damage    Failure   Level
 Passage of Golubria      Tloc           0%         N/A       97%         4
 Silence                  Hex/Air        0%         N/A       100%        5
 Lehudib's Crystal Spear  Conj/Erth      0%         10d2      100%        8


Dungeon Overview and Level Annotations

Branches:
Dungeon (5/15)
 Temple: D:4-7

Altars:
Fedhas
Kikubaaqudgha
Makhleb
Trog
Vehumet

Shops:
D:2 [


Innate Abilities, Weirdness & Mutations

You are a hulking beast.
Your limbs bulge with bestial killing power. (Slay +3)
You cannot wear most types of armour.
You are amphibious.
You can wear up to eight rings at the same time.
Your skin changes colour to match your surroundings (Stealth+).
Your rubbery body absorbs attacks. (AC +1, EV +1)
((You are camouflaged when in or above water. (Stealth+)))
You have tentacles for arms and can constrict up to eight enemies at once.


Message History

There is a stone staircase leading down here.
You see here a +0 short sword.
There is a stone staircase leading up here.
Found an escape hatch in the ceiling.
There is an escape hatch in the ceiling here.
You see here a stone.
You see here a +0 robe.
Done exploring.
Done exploring.
There is an escape hatch in the floor here.
You see here a +0 short sword.
There is a stone staircase leading down here.
You climb downwards.
There is a stone staircase leading up here.
Found an escape hatch in the ceiling.
An adder comes into view.
You miss the adder.
The adder hisses angrily.
You grab the adder. You constrict the adder.
The adder bites you but does no damage. The adder bites you.
You take 1 damage, and have 42/43 hp.
You hit the adder. You drain the adder. You constrict the adder.
You kill the adder!
No target in view!
No target in view!
No target in view!
No target in view!
No target in view!
No target in view!
No target in view!
No target in view!
No target in view!
No target in view!
Found a stone staircase leading down.
Health restored: 43 An orc wizard comes into view.
It is wielding a +1 vampiric dagger.
An orc priest comes into view. It is wielding a +0 dagger.
An orc comes into view. It is wielding a +0 flail.
The orc wizard shouts!
The orc shouts!
You hit the orc wizard. You drain the orc wizard. You grab the orc wizard.
You constrict the orc wizard.
A hound comes into view.
The orc wizard struggles to escape constriction.
The orc priest mumbles some strange prayers to Beogh against you.
Beogh smites you!
The hound barks!
You take 11 damage, and have 32/43 hp.
MASSIVE DAMAGE!!
You hit the orc wizard.
You kill the orc wizard!
A scorpion comes into view.
The orc priest casts a cantrip, but nothing happens.
Found a stone staircase leading down.
Things that are here:
a +1 vampiric dagger {!w}; a +0 robe You puncture the orc!
You kill the orc!
You closely miss the orc priest. You grab the orc priest.
You constrict the orc priest, but do no damage.
The orc priest closely misses you.
You hit the orc priest. You squeeze the orc priest!
You constrict the orc priest.
The orc priest hits you with a +0 dagger.
You take 3 damage, and have 30/43 hp.
You hit the orc priest but do no damage.
You squeeze the orc priest. You constrict the orc priest.
You kill the orc priest!
You hit the hound but do no damage. You drain the hound.
Your grab misses the hound. The hound closely misses you. The hound bites you.
You take 3 damage, and have 28/43 hp.
You closely miss the hound. You grab the hound. You squeeze the hound!
You constrict the hound. The hound bites you.
You take 3 damage, and have 25/43 hp.
You hit the hound. You tentacle-slap the hound.
You kill the hound!
The scorpion stings you.
You are poisoned.
The scorpion poisons you!
Your Fighting skill increases to level 4!
Your Shapeshifting skill increases to level 6!
You have reached level 7!
MP restored: 7 You barely miss the scorpion.
You grab the scorpion.
You constrict the scorpion, but do no damage.
You feel sick. The scorpion stings you.
You are more poisoned.
The scorpion poisons you!
You take 7 damage, and have 18/48 hp.
You hit the scorpion.
You constrict the scorpion, but do no damage.
You feel very sick. The scorpion stings you.
* * * LOW HITPOINT WARNING * * *
You are lethally poisoned!
The scorpion poisons you!
You take 6 damage, and have 12/48 hp.
You hit the scorpion. You squeeze the scorpion! You constrict the scorpion.
* * * LOW HITPOINT WARNING * * *
You feel very sick. The scorpion stings you!
You die...

#######.....#...
##.....#
##...#....
#>.#.# #..
#.##......
#.###....
#.....###.
#..#### #h)#
#s## ... .....
.......
.........
#>........#
#..........


You could see a scorpion.

Vanquished Creatures
  Blork the orc (D:4)
  A scorpion (D:4)
  An orc priest (D:5)
  2 hounds
  Natasha (twice) (D:2)
  An orc wizard (D:5)
  4 adders
  4 worms
  5 dart slugs
  4 orcs
  3 ball pythons
  7 endoplasms
  8 giant cockroaches
  4 goblins
  14 hobgoblins
  7 kobolds
  5 quokkas
  2 bats
  3 rats
78 creatures vanquished.

Notes
Turn   | Place    | Note
-------+----------+-------------------------------------------
     0 | D:1      | Whiskey the Octopode Shapeshifter began the quest for the
                  | Orb.
     0 | D:1      | Reached XP level 1. HP: 13/13 MP: 1/1
   213 | D:1      | Reached XP level 2. HP: 16/18 MP: 2/2
   552 | D:1      | Reached XP level 3. HP: 22/24 MP: 3/3
   882 | D:2      | Found a radiant altar of Vehumet.
   933 | D:2      | Found Hutanec's Antique Armour Boutique.
   948 | D:2      | Reached skill level 2 in Fighting
  1058 | D:2      | HP: 4/24 [worm (4)]
  1183 | D:2      | Found a faded altar of an unknown god.
  1236 | D:2      | Identified the orb of Fete Esch {*Rage, Int+2 Stlth+}
  1250 | D:2      | Reached skill level 4 in Shapeshifting
  1357 | D:2      | Noticed Natasha
  1364 | D:2      | HP: 4/24 [cerulean imp/+1 spear[Natasha] (3)]
  1368 | D:2      | Killed Natasha
  1369 | D:2      | Reached XP level 4. HP: 17/30 MP: 4/4
  1531 | D:2      | Noticed Natasha
  1538 | D:2      | Killed Natasha
  1672 | D:3      | Found an ancient bone altar of Kikubaaqudgha.
  1681 | D:3      | Reached XP level 5. HP: 35/35 MP: 5/5
  1742 | D:3      | Found a blossoming altar of Fedhas.
  1944 | D:3      | Found a bloodstained altar of Trog.
  1995 | D:3      | Reached skill level 3 in Fighting
  2059 | D:3      | Found a burning altar of Makhleb.
  2165 | D:4      | Reached skill level 5 in Shapeshifting
  2319 | D:4      | Reached XP level 6. HP: 34/42 MP: 6/6
  2344 | D:4      | Noticed Blork the orc
  2351 | D:4      | Killed Blork the orc
  2960 | D:5      | Entered Level 5 of the Dungeon
  2991 | D:5      | Reached skill level 4 in Fighting
  2991 | D:5      | Reached skill level 6 in Shapeshifting
  2991 | D:5      | Reached XP level 7. HP: 25/48 MP: 7/7
  2992 | D:5      | HP: 12/48 [scorpion (3)]
  2993 | D:5      | Slain by a scorpion

Illustrated notes

Levels and vault maps discovered:
D:1:      elethiomel_arrival_infinity_welcomes_careful_drivers,
          layout_loops_ring
D:2:      layout_rooms, basic_altar, serial_shops, shop,
          hellmonk_ecumenical_altar_lost_god, minmay_misc_feat_rugged,
          minmay_goblin_kobold_house, uniq_natasha
D:3:      layout_rooms, lemuel_tele_altar, mainiacjoe_overflow_tiny_flanked,
          nicolae_overflow_crystal_walls, lightli_temple_of_fire,
          minmay_misc_feat_doors
D:4:      layout_loops_ring, minmay_misc_feat_square, uniq_blork_the_orc
D:5:      layout_rooms, minmay_temple_entry_glass, nicolae_shop_vocational,
          uniq_sigmund

Skill      XL: |  1  2  3  4  5  6 |
---------------+-------------------+-----
Fighting       | 2 3 4 |  4.0
Shapeshifting  | 4 5 6 |  6.0
Dodging        | |  2.0
Unarmed Combat | |  3.0

Action                     |  1- 3 |  4- 6 |  7- 9 || total
---------------------------+-------+-------+-------++-------
  Melee: Unarmed           |    68 |     4 |       ||    72
         Constrict         |    21 |    19 |     1 ||    41
         Tentacles         |    13 |    17 |     1 ||    31
         Punch             |     1 |     2 |       ||     3
         War axe           |       |    10 |       ||    10
         Short sword       |       |    64 |     3 ||    67
    Use: Potion            |     1 |       |       ||     1
   Stab: Sleeping          |     5 |     5 |       ||    10
 Armour: Skin              |    36 |    22 |     3 ||    61
  Dodge: Dodged            |    23 |    38 |       ||    61

Table legend: (Time is in decaauts)
 A = Elapsed time spent in this place.
 B = Non-inter-level travel time spent in this place.
 C = Inter-level travel time spent in this place.
 D = Time resting spent in this place.
 E = Time spent auto-exploring this place.
 F = Levels seen in this place.
 G = Mean time per level.
                   A        B        C        D        E       F      G
               +--------+--------+--------+--------+--------+-----+--------+
         Total |   2991 |   2880 |    111 |    238 |   2168 |   5 |  598.2 |
       Dungeon |   2991 |   2880 |    111 |    238 |   2168 |   5 |  598.2 |
               +--------+--------+--------+--------+--------+-----+--------+

Top non-repeatable levels by time:
     D:1: 879 daAuts
     D:4: 826 daAuts
     D:2: 781 daAuts
     D:3: 470 daAuts
     D:5: 32 daAuts

Levels and vault maps discovered:
D:1:      elethiomel_arrival_infinity_welcomes_careful_drivers,
          layout_loops_ring
D:2:      layout_rooms, basic_altar, serial_shops, shop,
          hellmonk_ecumenical_altar_lost_god, minmay_misc_feat_rugged,
          minmay_goblin_kobold_house, uniq_natasha
D:3:      layout_rooms, lemuel_tele_altar, mainiacjoe_overflow_tiny_flanked,
          nicolae_overflow_crystal_walls, lightli_temple_of_fire,
          minmay_misc_feat_doors
D:4:      layout_loops_ring, minmay_misc_feat_square, uniq_blork_the_orc
D:5:      layout_rooms, minmay_temple_entry_glass, nicolae_shop_vocational,
          uniq_sigmund

Table legend: (Time is in decaauts)
 A = Elapsed time spent in this place.
 B = Non-inter-level travel time spent in this place.
 C = Inter-level travel time spent in this place.
 D = Time resting spent in this place.
 E = Time spent auto-exploring this place.
 F = Levels seen in this place.
 G = Mean time per level.
                   A        B        C        D        E       F      G
               +--------+--------+--------+--------+--------+-----+--------+
         Total |   2991 |   2880 |    111 |    238 |   2168 |   5 |  598.2 |
       Dungeon |   2991 |   2880 |    111 |    238 |   2168 |   5 |  598.2 |
               +--------+--------+--------+--------+--------+-----+--------+

Top non-repeatable levels by time:
     D:1: 879 daAuts
     D:4: 826 daAuts
     D:2: 781 daAuts
     D:3: 470 daAuts
     D:5: 32 daAuts

Table legend:
 A = Kills in this place as a percentage of kills in the entire game.
 B = Kills by you in this place as a percentage of kills by you in the entire game.
 C = Kills by friends in this place as a percentage of kills by friends in the entire game.
 D = Other kills in this place as a percentage of other kills in the entire game.
 E = Experience gained in this place as a percentage of experience gained in the entire game.
 F = Experience gained in this place divided by the number of levels of this place that you have seen.
                   A       B       C       D       E      F
               +-------+-------+-------+-------+-------+----------------------
         Total | 100.0 | 100.0 |   N/A |   N/A | 100.0 | 123.4
       Dungeon | 100.0 | 100.0 |   N/A |   N/A | 100.0 | 123.4
               +-------+-------+-------+-------+-------+----------------------
